 Dungeon Crawl Stone Soup version 0.18-a0-1405-g73f4075 (webtiles) character file.

619928 M4edhros the Eclecticist (level 27, -24/178 HPs)
             Began as an Octopode Artificer on Feb 23, 2016.
             Was a High Priest of Jiyva.
             Killed from afar by a yellow draconian scorcher (30 damage)
             ... with a blast of hellfire
             ... on level 3 of the Realm of Zot on Feb 25, 2016.
             The game lasted 05:41:43 (87277 turns).

M4edhros the Eclecticist (Octopode Artificer)      Turns: 87277, Time: 05:41:43

Health: -24/178    AC: 11    Str:  9    XL:     27
Magic:  21/46      EV: 38    Int: 37    God:    Jiyva [*****.]
Gold:   2739       SH: 27    Dex: 23    Spells: 16 memorised, 7 levels left

rFire  x . .     SeeInvis +     l - +5 demon trident (pierce)
rCold  + + +     Gourm    .     I - +5 shield {AC+3}
rNeg   . . .     Faith    .     W - +2 hat {rC+}
rPois  +         Spirit   .     R - brooch of Shielding {Reflect SH+8}
rElec  +         Dismiss  .     k - +3 ring of evasion
rCorr  +         Reflect  +     q - +4 ring of evasion
SustAt .         Harm     .     G - ring "Paavvyogh" {rC+ MR+ Int+5 SInv}
MR     ++++.                    u - ring "Iciufahi" {AC+4 Str+2}
Stlth  +++.......               N - +6 ring of intelligence
                                w - +4 ring of slaying
                                t - ring "Ifuxysto" {rCorr rPois MR+}
                                d - ring of Conformity {Ice rElec Dex+4}

@: swift, very slightly contaminated, hasted, deflect missiles, very quick,
incredibly resistant to hostile enchantments, fairly stealthy
A: almost no armour, amphibious, 8 rings, constrict 8, fangs 1, tentacle spike
1, camouflage 1, clever 1, shaggy fur 1, gelatinous body 1, pseudopods 1
a: Request Jelly, Jelly Paralyse, Slimify, Cure Bad Mutation, Renounce Religion
}: 4/15 runes: barnacled, slimy, silver, gossamer


You were on level 3 of the Realm of Zot.
You worshipped Jiyva.
Jiyva was extremely pleased with you.
You were very full.

You visited 11 branches of the dungeon, and saw 58 of its levels.
You also visited: Labyrinth, Ice Cave and Volcano.

You collected 18549 gold pieces.
You spent 4934 gold pieces at shops.
You paid 10834 gold pieces to Gozag.

Inventory:

Hand Weapons
 l - a +5 demon trident of piercing (weapon)
 m - the +8 autumn katana {slice, Clar}
   (You took it off a deep elf death mage on level 3 of the Elven Halls)

   It inflicts extra damage upon your enemies.
   It protects you against confusion.
Missiles
 v - 574 arrows
 Z - 36 steel javelins (quivered)
Armour
 p - the +2 hat "Loadipar" {*Corrode +Inv rPois Str-3}
   (You found it on level 1 of the Depths)

   It affects your strength (-3).
   It protects you from poison.
   It lets you turn invisible.
   It may corrode your equipment when you take damage.
 I - a +5 shield of protection (worn)
 W - a +2 hat of cold resistance (worn)
Rods
 A - a +9 rod of inaccuracy (17/17)
   (You found it on level 3 of the Crypt)
 P - a +4 iron rod (13/13)
   (You found it in a labyrinth)
 Y - a +2 lightning rod (17/17)
   (You found it on level 5 of the Lair of Beasts)
Jewellery
 d - the ring of Conformity (on tentacle) {Ice rElec Dex+4}
   (You bought it in a shop on level 2 of the Vaults)

   [ring of ice]

   It enhances your ice magic, and weakens your fire magic.
   It affects your dexterity (+4).
   It makes you vulnerable to fire.
   It protects you from cold.
   It insulates you from electricity.
 k - a +3 ring of evasion (left tentacle)
 q - a +4 ring of evasion (right tentacle)
 t - the ring "Ifuxysto" (on tentacle) {rCorr rPois MR+}
   (You found it on level 5 of the Vaults)

   [ring of resist corrosion]

   It protects you from poison.
   It affects your resistance to hostile enchantments.
 u - the ring "Iciufahi" (on tentacle) {AC+4 Str+2}
   (You found it on level 9 of the Dungeon)

   [ring of protection]

   It affects your AC (+4).
   It affects your strength (+2).
 w - a +4 ring of slaying (on tentacle)
 G - the ring "Paavvyogh" (on tentacle) {rC+ MR+ Int+5 SInv}
   (You found it on level 7 of the Dungeon)

   [ring of see invisible]

   It affects your intelligence (+5).
   It protects you from cold.
   It affects your resistance to hostile enchantments.
   It lets you see invisible.
 K - an uncursed amulet of regeneration
 N - a +6 ring of intelligence (on tentacle)
 R - the brooch of Shielding (around mantle) {Reflect SH+8}
   (You took it off a fire giant on level 2 of the Depths)

   [amulet of reflection]

   It shields you and reflects attacks.
   It affects your SH (+8).
Wands
 c - a wand of enslavement (7/24)
 e - a wand of disintegration (4/24)
 h - a wand of hasting (4/9)
 F - a wand of teleportation (6/9)
Scrolls
 a - 3 scrolls of teleportation
 g - 2 scrolls of recharging
 n - 2 scrolls of torment
 o - 8 scrolls of identify
 x - 3 scrolls of summoning
 y - a scroll of blinking
 B - 9 scrolls of fog
 O - 2 scrolls of magic mapping
 T - a scroll of enchant armour
 V - 6 scrolls of fear
Potions
 i - a potion of might
 j - 2 potions of agility
 s - 4 potions of heal wounds
 z - 3 potions of magic
 C - 2 potions of resistance
 D - 7 potions of curing
 J - 2 potions of haste
 L - a potion of invisibility
 M - a potion of flight
Books
 r - the Grimoire of Black Magic
   (You found it on level 3 of the Crypt)

   Spells                             Type                      Level
   a - Animate Skeleton               Necromancy                   1
   b - Vampiric Draining              Necromancy                   3
   c - Excruciating Wounds            Charms/Necromancy            5
   d - Cigotuvi's Embrace             Necromancy                   5
   e - Simulacrum                     Ice/Necromancy               6
   f - Necromutation                  Transmutation/Necromancy     8
 X - a book of Enchantments

   Spells                             Type                      Level
   a - Cause Fear                     Hexes                        4
   b - Yara's Violent Unravelling     Hexes/Transmutation          5
   c - Silence                        Hexes/Air                    5
   d - Deflect Missiles               Charms/Air                   6
   e - Haste                          Charms                       6
   f - Discord                        Hexes                        8
Miscellaneous
 b - a sack of spiders {used: 1}
 E - an ornate deck of summoning {the Illusion, drawn: 1}
 Q - a box of beasts
Comestibles
 f - 17 bread rations
 H - 6 beef jerkies
 S - 5 fruits
 U - 4 slices of pizza


   Skills:
 + Level 12.3 Fighting
   Level 1.0 Short Blades
 - Level 14.6 Polearms
 + Level 17.5 Dodging
 - Level 1.3 Stealth
 + Level 17.1 Shields
 - Level 6.1 Unarmed Combat
 - Level 19.0 Spellcasting
 - Level 9.2 Conjurations
 - Level 11.5 Hexes
 - Level 13.4 Charms
 - Level 5.6 Summonings
 - Level 4.4 Necromancy
 - Level 1.3 Translocations
 - Level 17.1 Ice Magic
 - Level 13.2 Air Magic
   Level 14.5 Invocations
 - Level 15.0 Evocations


You had 7 spell levels left.
You knew the following spells:

 Your Spells              Type           Power        Failure   Level  Hunger
a - Spectral Weapon       Hex/Chrm       #######.     0%          3    None
b - Shroud of Golubria    Chrm/Tloc      ######....   1%          2    None
c - Song of Slaying       Chrm           #######.     0%          2    None
d - Regeneration          Chrm/Necr      #######...   1%          3    None
e - Swiftness             Chrm/Air       #######.     0%          2    None
f - Ozocubu's Armour      Chrm/Ice       ########     0%          3    None
g - Dazzling Spray        Conj/Hex       #######.     1%          3    None
h - Summon Lightning Spi  Summ/Air       #######.     1%          4    None
i - Haste                 Chrm           #######.     1%          6    None
j - Deflect Missiles      Chrm/Air       #######...   1%          6    None
k - Silence               Hex/Air        #######...   1%          5    None
l - Ensorcelled Hibernat  Hex/Ice        ######       0%          2    None
m - Ozocubu's Refrigerat  Ice            ########..   1%          6    None
n - Blink                 Tloc           N/A          1%          2    None
o - Fulminant Prism       Conj/Hex       #######...   1%          4    None
p - Passage of Golubria   Tloc           N/A          6%          4    None


Dungeon Overview and Level Annotations

Branches:
Dungeon (15/15)            Temple (0/1) D:7            Lair (8/8) D:8
 Shoals (4/4) Lair:5       Spider (4/4) Lair:4        Slime (6/6) Lair:8
    Orc (2/2) D:11            Elf (3/3) Orc:2        Vaults (5/5) D:13
  Crypt (3/3) Vaults:3       Tomb (0/3) Crypt:3      Depths (5/5) D:15
    Zot (3/5) Depths:5

Altars:
Ashenzari
Dithmenos
Elyvilon
Fedhas
Gozag
Kikubaaqudgha
Makhleb
Nemelex Xobeh
Okawaru
Pakellas
Sif Muna
Trog
Vehumet
Xom
Yredelemnul
The Shining One
Beogh
Jiyva

Shops:
D:6 (%*[:   D:7 [   D:8 %**[((=(   D:10 [   D:12 *   D:15 [   Orc:2 [:*(!*%((
Lair:7 (   Shoals:2 [   Shoals:4 (   Vaults:2 ?=[   Depths:3 !   Depths:4 }

Portals:
Hell: Depths:1 Depths:2 Depths:3 Depths:4 Depths:5
Abyss: D:15 Depths:2 Depths:3 Depths:4
Pandemonium: Orc:2 Depths:2 Depths:3
Ziggurat: Depths:2

Annotations:
Slime:6 Royal Jelly


Innate Abilities, Weirdness & Mutations

You cannot wear most types of armour.
You are amphibious.
You can wear up to eight rings at the same time.
You can use your tentacles to constrict eight enemies at once.
Your skin changes colour to match your surroundings (Stealth).
Your rubbery body absorbs attacks (AC +1).
You have very sharp teeth.
One of your tentacles bears a spike.
Your mind is acute. (Int +2)
You are covered in fur (AC +1).
Armour fits poorly on your pseudopods.


Message History

Blink to where?
Press: ? - help, Dir - move target cursor
As you read the scroll of blinking, it crumbles to dust.
Read which item? (? for menu, Esc to quit)
Blink to where?
Press: ? - help, Dir - move target cursor Really blink into a travel-excluded area?
As you read the scroll of blinking, it crumbles to dust.
Casting: Ozocubu's Armour
Confirm with . or Enter, or press ? or * to list all spells.
Okay, then.
Casting: Ozocubu's Armour
Confirm with . or Enter, or press ? or * to list all spells.
You feel quick.
A black draconian and a draconian scorcher come into view.
The yellow draconian scorcher roars!
A purple draconian comes into view. It is wielding a halberd.
The yellow draconian scorcher casts a spell at you.
The hellfire explodes!
The blast of hellfire engulfs you!
You die...

.####### #....### #...##.####
.[##...#####......# #...##.# #
..................##########.####
..##...#####.....................
..#######......dd................
### #......#d..#########.##..
#### #......#q..# #.##.. .8.#
#...####...# #.##.>
*..#############@..######....####
d.q....ยง......................
##.<.###########......###....
#...# #......# ...# #...#### ###
#...# #...# #...# #...#


You could see a black draconian (wandering), 2 draconians and a yellow draconian
scorcher.

Vanquished Creatures
  2 ancient liches
  A juggernaut (Depths:2)
  3 golden dragons
  Jory (Depths:4)
  A profane servitor (Crypt:3)
  Arachne (Spider:3)
  the Enchantress (Depths:4)
  2 bone dragons
  10 liches
  11 tentacled monstrosities
  Rupert (Orc:2)
  Jorgrun (Spider:3)
  2 quicksilver dragons
  2 deep elf blademasters
  4 titans
  6 sphinxes
  7 acid blobs
  A death cob (Zot:1)
  Frances (D:14)
  3 ancient champions
  Agnes (D:14)
  9 storm dragons
  Ilsuiw (Shoals:3)
  Kirke (D:15)
  5 tengu reavers
  5 shadow dragons
  5 fire giants
  Roxanne (Elf:2)
  2 azure jellies
  A draconian knight (Depths:5)
  13 frost giants
  Maud (Lair:4)
  16 deep elf sorcerers
  Donald (Elf:3)
  4 iron dragons
  Wiglaf (Spider:4)
  Aizul (Shoals:1)
  4 ghost moths
  A draconian scorcher (Zot:1)
  An orc warlord (Vaults:4)
  Louise (Depths:2)
  2 draconian annihilators
  2 draconian shifters
  5 deep elf elementalists
  A curse skull (Crypt:1)
  4 emperor scorpions (Spider:4)
  A draconian zealot (Depths:5)
  The ghost of Amnesiac the Brawler, a journeyman DrTm of Dithmenos (Lair:7)
  4 spriggan defenders (Depths:4)
  10 vault wardens
  8 ghouls
  31 stone giants
  12 ironheart preservers
  23 very ugly things
  A reaper (Depths:3)
  A war gargoyle (Vaults:5)
  2 black draconians
  The ghost of Canard the Cruncher, a journeyman DgWn (Lair:8)
  10 vampire knights
  Azrael (Spider:3)
  8 deep elf demonologists
  A salamander stormcaller (Vaults:2)
  4 red draconians
  4 green draconians
  6 deep elf annihilators
  A yellow draconian (Depths:5)
  7 spark wasps
  6 mottled draconians
  4 eidola
  10 deep elf death magi
  A death ooze (Slime:6)
  14 jiangshi
  19 fire dragons
  A minotaur (Lab)
  Josephine (Lair:6)
  6 merfolk javelineers
  25 vault guards
  22 ettins
  A crystal guardian (Vaults:5)
  4 deep elf high priests
  16 yaktaur captains
  A great orb of eyes (Depths:1)
  20 ice dragons
  5 merfolk impalers (Shoals:4)
  13 entropy weavers
  10 hydras
  7 rakshasas
  4 spriggan air magi
  The ghost of M4edhros the Martial Artist, a journeyman OpAr of Gozag (Lair:3)
  11 centaur warriors
  2 catoblepae
  5 merfolk avatars
  10 ogre magi
  5 death knights
  6 merfolk aquamancers
  7 deep troll shamans
  A satyr (Shoals:3)
  An alligator (shapeshifter) (Vaults:5)
  9 deep troll earth magi
  A spectral frost giant (Crypt:3)
  Urug (D:14)
  10 orc high priests
  6 tengu warriors
  11 spriggan berserkers
  8 vampire magi
  2 soul eaters
  3 spriggans
  10 hell knights
  18 deep elf knights
  2 iron trolls
  A fire crab (Vaults:5)
  4 shadow wraiths
  Sonja (Orc:2)
  21 skeletal warriors
  A golden dragon zombie (Crypt:1)
  An infernal demonspawn (Orc:2)
  3 salamander mystics
  7 sea snakes
  9 flayed ghosts
  3 anubis guards (shapeshifter)
  32 deep trolls
  11 deep elf archers
  4 gelid demonspawn
  16 phantasmal warriors
  A giant orange brain (Slime:4)
  2 wizards
  18 ironbrand convokers
  12 orc knights
  A shadow dragon zombie (Crypt:1)
  5 necromancers
  2 hill giants (D:13)
  6 harpies
  2 oklob plants
  68 deep elf magi
  28 wolf spiders
  12 orb spiders
  10 manticores
  A faun (shapeshifter) (Depths:1)
  7 fauns
  8 salamanders
  A manticore (shapeshifter) (Depths:2)
  20 griffons
  9 cyclopes
  A salamander (shapeshifter) (Vaults:3)
  5 water nymphs
  15 moths of wrath
  7 orc sorcerers
  A frost giant skeleton (Crypt:1)
  7 hornets
  A water nymph (shapeshifter) (Depths:2)
  38 ugly things
  A shadow dragon skeleton (Vaults:5)
  A stone giant zombie (Vaults:5)
  6 black mambas
  4 sirens
  A rust devil (Depths:3)
  An alligator snapping turtle zombie (Crypt:2)
  A molten gargoyle (Depths:2)
  4 eyes of devastation
  A guardian serpent (shapeshifter) (Depths:4)
  17 vault sentinels
  5 elephants
  2 ice statues
  19 spiny frogs
  2 gargoyles (D:15)
  3 centaur zombies
  A human zombie (Vaults:5)
  An emperor scorpion zombie (Crypt:1)
  56 yaktaurs
  An elf skeleton (Vaults:5)
  An orange demon (Orc:2)
  12 komodo dragons
  7 kobold demonologists
  7 demonic crawlers
  A redback zombie (D:14)
  The ghost of M4edhros the Insei, a novice OpAr of Gozag (D:5)
  An ice devil (Zot:3)
  A black draconian skeleton (Crypt:1)
  19 freezing wraiths
  2 mottled draconian skeletons (Crypt:1)
  2 fire drakes (shapeshifter)
  A hydra zombie (Crypt:1)
  10 trolls
  2 anaconda simulacra (Crypt:1)
  A troll (shapeshifter) (Vaults:3)
  5 fire drakes
  A jumping spider (shapeshifter) (Vaults:1)
  39 jumping spiders
  35 merfolk
  A polar bear (shapeshifter) (Depths:2)
  2 wind drakes
  A merfolk (shapeshifter) (Depths:2)
  A giant leech (shapeshifter) (Vaults:5)
  2 wind drakes (shapeshifter)
  3 polar bears
  3 boulder beetles
  15 two-headed ogres
  30 blink frogs
  A spectral swamp dragon (Crypt:3)
  2 bog bodies (Crypt:2)
  A tengu simulacrum (Vaults:3)
  57 slime creatures
  9 snapping turtles
  An ettin zombie (Crypt:3)
  A black mamba zombie (Crypt:2)
  49 flying skulls (Crypt:3)
  An air elemental (Elf:1)
  A fire dragon skeleton (Crypt:3)
  23 tarantellas
  21 water elementals
  73 redbacks
  6 wyverns
  A yak (shapeshifter) (Depths:2)
  9 shadows
  A fire bat (Depths:2)
  12 wraiths
  A ynoxinul (Orc:2)
  2 hogs (D:15)
  10 basilisks
  12 yaks
  6 fire elementals
  2 golden eyes (shapeshifter)
  11 hungry ghosts
  10 golden eyes (Slime:3)
  11 vampire mosquitoes
  2 chaos spawn (Orc:2)
  12 hippogriffs
  A mottled dragon (Vaults:2)
  A death yak simulacrum (IceCv)
  17 wolves
  5 wargs (Orc:1)
  A merfolk zombie (Crypt:2)
  The ghost of M4edhros the Insei, an amateur OpAr (D:4)
  2 human simulacra
  A soldier ant (D:9)
  21 water moccasins
  A soldier ant (shapeshifter) (Vaults:1)
  4 hell hounds (Spider:3)
  A hydra simulacrum (Crypt:1)
  12 porcupines
  5 black bears
  An infernal demonspawn skeleton (Crypt:2)
  A merfolk skeleton (Crypt:1)
  A putrid demonspawn skeleton (Crypt:2)
  2 sky beasts
  56 orc warriors
  5 boggarts
  5 necrophages
  3 eyes of draining
  14 ice beasts
  An ettin simulacrum (Crypt:1)
  9 wasps
  22 centaurs
  43 ogres
  A phantom (D:5)
  14 crocodiles
  A big kobold (shapeshifter) (Vaults:5)
  Blork the orc (D:6)
  3 big kobolds
  12 giant frogs
  2 gnoll sergeants
  3 earth elementals
  A wyvern zombie (D:7)
  3 small abominations
  A deep troll simulacrum (Vaults:5)
  2 scorpions
  An elephant simulacrum (IceCv)
  6 killer bees (D:7)
  7 wights (Crypt:1)
  8 electric eels
  7 crimson imps
  3 draconian simulacra (IceCv)
  2 quasits
  5 giant frog zombies
  32 orc priests
  An iron imp (Depths:3)
  11 hounds
  25 orc wizards
  7 centaur skeletons
  A giant frog skeleton (D:6)
  17 jellies
  14 iguanas
  A spriggan simulacrum (IceCv)
  7 worker ants
  A wolf simulacrum (IceCv)
  11 troll simulacra (IceCv)
  A polar bear simulacrum (IceCv)
  11 sheep
  A centaur simulacrum (IceCv)
  A dwarf skeleton (Crypt:1)
  A hound zombie (D:11)
  2 worker ant zombies (D:6)
  17 gnolls
  13 adders
  3 naga simulacra (IceCv)
  An ogre simulacrum (IceCv)
  105 river rats
  8 shadow imps
  13 white imps
  2 oozes
  An adder zombie (D:8)
  An iguana zombie (Crypt:1)
  2 adder skeletons
  5 worms
  4 giant geckos
  131 orcs
  11 giant cockroaches
  6 goblins
  7 hobgoblins
  14 jackals
  6 quokkas
  3 ball pythons (D:4)
  10 bats
  2 giant gecko skeletons
  2 giant newts (D:1)
  11 kobolds
  An orc skeleton (Crypt:2)
  A quokka skeleton (D:5)
  A quokka zombie (D:5)
  12 rats
  A fire vortex (Depths:5)
  2 fulminant prisms (Crypt:3)
  A fungus (Lair:8)
  36 plants
  3 spectral weapons
  A tentacle (Shoals:4)
2591 creatures vanquished.

Vanquished Creatures (collateral kills)
  Margery (Vaults:5)
  A caustic shrike (Depths:4)
  A golden dragon (Vaults:5)
  A death cob (Zot:2)
  A kraken (Shoals:4)
  A shadow dragon (Vaults:5)
  A revenant (Crypt:3)
  A fire giant (Vaults:5)
  A frost giant (Depths:1)
  A vault warden (Vaults:3)
  An ironheart preserver (Vaults:5)
  A very ugly thing (Depths:2)
  A stone giant (Depths:2)
  A purple draconian (Zot:2)
  A mottled draconian (Zot:2)
  3 ettins
  4 vault guards (Vaults:5)
  An eidolon (Crypt:2)
  An ogre mage (Depths:2)
  A fire dragon (Zot:1)
  3 jiangshi
  A rakshasa (Depths:2)
  A merfolk avatar (Shoals:4)
  A centaur warrior (Depths:1)
  A satyr (Shoals:4)
  A vampire mage (Depths:2)
  A deep troll earth mage (Vaults:5)
  2 hell knights (Vaults:5)
  A skeletal warrior (Crypt:2)
  A sea snake (shapeshifter) (Vaults:5)
  A deep troll (Depths:1)
  A sea snake (Shoals:4)
  An ironbrand convoker (Vaults:3)
  A lindwurm (D:13)
  A deep elf mage (Vaults:1)
  2 phantasmal warriors
  An orb spider (Spider:4)
  A cyclops (shapeshifter) (Vaults:5)
  A hornet (Vaults:5)
  A shining eye (Slime:3)
  2 sirens (Shoals:3)
  A spiny frog (shapeshifter) (Vaults:5)
  A freezing wraith (Crypt:3)
  4 yaktaurs
  A jumping spider (Depths:2)
  A two-headed ogre (Vaults:3)
  A boulder beetle (Vaults:2)
  3 flying skulls (Crypt:3)
  A fire bat (Depths:2)
  3 redbacks (Depths:2)
  An orc warrior (Elf:1)
  A necrophage (Crypt:3)
  An ogre (Vaults:3)
  A small abomination (Crypt:3)
  An orc wizard (Elf:1)
  A giant frog skeleton (D:6)
73 creatures vanquished.

Vanquished Creatures (others)
  An acid blob (Vaults:5)
  2 eldritch tentacles
  A vault warden (Vaults:4)
  A fire giant (Depths:1)
  3 great orbs of eyes
  A frost giant (Depths:1)
  A deep elf elementalist (Vaults:5)
  3 stone giants
  A green draconian (Zot:1)
  A vampire knight (Depths:2)
  A merfolk javelineer (Shoals:2)
  A deep elf death mage (Crypt:3)
  A yaktaur captain (Vaults:4)
  2 centaur warriors
  A satyr (Shoals:4)
  An ogre mage (Vaults:2)
  22 dancing weapons
  A tengu warrior (Depths:2)
  A spriggan berserker (Depths:2)
  A deep elf knight (Elf:2)
  4 giant orange brains
  2 deep trolls (Vaults:5)
  A flayed ghost (Depths:2)
  2 deep elf archers
  An ironbrand convoker (Vaults:4)
  An orb spider (Spider:2)
  A hornet (Vaults:2)
  3 deep elf magi
  A wolf spider (Vaults:3)
  A faun (Shoals:3)
  2 cyclopes (Shoals:3)
  2 salamanders (Depths:2)
  5 vault sentinels
  A spiny frog (Lair:1)
  A fire drake (Volcano)
  25 yaktaurs
  A troll (shapeshifter) (Vaults:2)
  2 jumping spiders
  A polar bear (shapeshifter) (Depths:4)
  2 merfolk (Shoals:4)
  22 slime creatures
  2 two-headed ogres
  5 flying skulls (Crypt:3)
  6 redbacks
  A basilisk (Lair:5)
  A fire elemental (Depths:2)
  3 vampire mosquitoes (Vaults:3)
  A golden eye (Slime:6)
  A yak (Lair:3)
  A human (D:15)
  A mottled dragon (shapeshifter) (Depths:3)
  An orc warrior (Vaults:1)
  An eye of draining (D:13)
  4 boggarts (Depths:1)
  An ogre (Vaults:3)
  A necrophage (Crypt:3)
  3 centaurs
  A crocodile (Lair:8)
  3 big kobolds
  A giant frog (Lair:2)
  A wight (Crypt:1)
  4 crimson imps
  A wasp zombie (Crypt:2)
  442 jellies
  A quasit (Depths:3)
  A hound (shapeshifter) (Vaults:5)
  2 orc wizards
  3 worker ants
  An adder (D:3)
  A swamp drake skeleton (Crypt:2)
  12 orcs
  A giant cockroach (D:8)
  4 jackals (D:3)
  14 kobolds
  A quokka (D:7)
  A giant newt (shapeshifter) (Vaults:5)
  A giant newt (D:3)
  A rat (D:1)
  253 eldritch tentacle segments
  38 fulminant prisms
  20 fungi
  4 lost souls
  19 plants
  75 spectral weapons
  11 tentacles (Shoals:4)
  186 tentacle segments (Shoals:4)
1264 creatures vanquished.

Grand Total: 3928 creatures vanquished

Notes
Turn   | Place    | Note
--------------------------------------------------------------
     0 | D:1      | M4edhros the Octopode Artificer began the quest for the Orb.
     0 | D:1      | Reached XP level 1. HP: 13/13 MP: 3/3
    32 | D:1      | Reached skill level 1 in Unarmed Combat
   338 | D:1      | Reached XP level 2. HP: 16/18 MP: 4/4
   572 | D:1      | Reached XP level 3. HP: 14/23 MP: 5/5
  1481 | D:2      | Reached XP level 4. HP: 26/28 MP: 6/6
  1754 | D:2      | Reached XP level 5. HP: 20/33 MP: 7/7
  2509 | D:3      | Found an opulent altar of Gozag.
  2567 | D:3      | Reached skill level 5 in Unarmed Combat
  2612 | D:3      | Became a worshipper of Gozag Ym Sagoz the Greedy
  2777 | D:3      | Found an iron altar of Okawaru.
  3407 | D:4      | Reached XP level 6. HP: 33/38 MP: 8/8
  3544 | D:4      | Noticed an orc warrior
  3691 | D:4      | Got an ichor-stained spear
  3702 | D:4      | Identified the +10 spear of Classification {pierce, MR+ Int+2} (You found it on level 4 of the Dungeon)
  3849 | D:4      | Reached skill level 1 in Polearms
  3907 | D:4      | Found a white marble altar of Elyvilon.
  3909 | D:4      | Noticed M4edhros's ghost (amateur OpAr)
  3939 | D:4      | Killed M4edhros's ghost
  3939 | D:4      | Reached XP level 7. HP: 31/43 MP: 9/9
  4650 | D:5      | Entered Level 5 of the Dungeon
  4734 | D:5      | Reached skill level 5 in Polearms
  4845 | D:5      | Reached XP level 8. HP: 48/48 MP: 10/10
  5371 | D:5      | Noticed M4edhros's ghost (novice OpAr)
  5380 | D:5      | Killed M4edhros's ghost
  5381 | D:5      | Found a shattered altar of Ashenzari.
  5428 | D:6      | Found Eretzih's Armour Shop.
  5536 | D:6      | Found Zisedato's Assorted Antiques.
  5546 | D:6      | Found Koyv's Food Shop.
  5706 | D:6      | Noticed Blork the orc
  5736 | D:6      | Found Urryg's Book Emporium.
  5745 | D:6      | Killed Blork the orc
  5791 | D:6      | Reached XP level 9. HP: 38/53 MP: 11/11
  6021 | D:6      | Found Woblorriode's Weapon Emporium.
  6215 | D:6      | Found a bloodstained altar of Trog.
  6576 | D:7      | Found a staircase to the Ecumenical Temple.
  6585 | D:7      | Found a sparkling altar of Nemelex Xobeh.
  6677 | D:7      | Got a steaming brass ring
  6681 | D:7      | Identified the ring "Paavvyogh" {rC+ MR+ Int+5 SInv} (You found it on level 7 of the Dungeon)
  6693 | D:7      | Reached skill level 1 in Shields
  6908 | D:7      | Reached skill level 10 in Polearms
  7696 | D:7      | Found a glowing golden altar of the Shining One.
  7697 | D:7      | Found a shadowy altar of Dithmenos.
  7785 | D:8      | Found a shimmering altar of Xom.
  7815 | D:8      | Found a staircase to the Lair.
  7815 | D:8      | Noticed an elephant
  8084 | D:8      | Found Cyptu's Jewellery Shoppe.
  8086 | D:8      | Bought a +3 amulet of reflection for 325 gold pieces
  8195 | D:8      | Found Waethe's Weapon Shop.
  8335 | D:8      | Killed an elephant
  8335 | D:8      | Reached skill level 5 in Shields
  8430 | D:8      | Reached XP level 10. HP: 58/58 MP: 12/12
  8584 | D:8      | Found Uqeogupt's Assorted Antiques.
  8689 | D:8      | Found Joasul's General Store.
  8698 | D:8      | Found Guehell's Food Boutique.
  9296 | D:9      | Got a glittering granite ring
  9297 | D:9      | Identified the ring "Iciufahi" {AC+4 Str+2} (You found it on level 9 of the Dungeon)
  9785 | D:9      | Paralysed by a wasp for 2 turns
  9857 | D:9      | Found a basalt altar of Yredelemnul.
 10118 | D:10     | Entered Level 10 of the Dungeon
 11188 | D:11     | Reached XP level 11. HP: 59/63 MP: 13/13
 11220 | D:11     | Found a blossoming altar of Fedhas.
 11399 | D:11     | Found a staircase to the Orcish Mines.
 11483 | D:11     | Found a frozen archway.
 11643 | IceCv    | Entered an ice cave
 12804 | IceCv    | Found an ancient bone altar of Kikubaaqudgha.
 13395 | IceCv    | Noticed a necromancer
 13533 | IceCv    | Killed a necromancer
 13551 | IceCv    | Reached skill level 10 in Shields
 13853 | D:11     | Reached skill level 5 in Dodging
 14589 | D:12     | Reached XP level 12. HP: 76/76 MP: 14/14
 14793 | D:12     | Found Wuilit's Assorted Antiques.
 14876 | D:12     | Reached skill level 5 in Fighting
 15006 | D:13     | Noticed an iron troll
 15555 | Lair:1   | Entered Level 1 of the Lair of Beasts
 15711 | D:6      | Bought a book of Battle for 400 gold pieces
 15715 | D:6      | Learned a level 3 spell: Spectral Weapon
 15718 | D:6      | Learned a level 2 spell: Shroud of Golubria
 15721 | D:6      | Learned a level 2 spell: Song of Slaying
 15725 | D:6      | Learned a level 3 spell: Regeneration
 16321 | Lair:1   | Reached skill level 1 in Spellcasting
 16424 | Lair:2   | Reached skill level 1 in Charms
 16807 | Lair:2   | Noticed a five-headed hydra
 18276 | Lair:3   | Reached skill level 2 in Spellcasting
 18277 | Lair:3   | Noticed M4edhros's ghost (journeyman OpAr)
 18295 | Lair:3   | Killed M4edhros's ghost
 19098 | Lair:4   | Reached XP level 13. HP: 85/85 MP: 17/17
 19155 | Lair:4   | Found a labyrinth entrance.
 19177 | Lair:4   | Reached skill level 3 in Spellcasting
 19208 | Lab      | Entered a labyrinth
 19623 | Lab      | Noticed a minotaur
 19647 | Lab      | Killed a minotaur
 19650 | Lab      | Got a jewelled glaive {freeze}
 19650 | Lab      | Got a faintly humming plate armour
 19662 | Lab      | Identified the +1 plate armour "Bupiduf" {*Drain rCorr Str+3 Dex+2} (You took it off a minotaur in a labyrinth)
 19669 | Lab      | Identified the +4 glaive "Sudem" {freeze, *Rage rElec rF++ Str-3} (You took it off a minotaur in a labyrinth)
 20395 | Lair:4   | Found a hole to the Spider Nest.
 20801 | Lair:4   | Noticed Maud
 20833 | Lair:4   | Killed Maud
 21478 | Lair:5   | Found a staircase to the Shoals.
 21507 | Lair:5   | Found a dark tunnel.
 21512 | Volcano  | Entered a volcano
 21524 | Volcano  | Learned a level 2 spell: Swiftness
 21569 | Volcano  | Reached skill level 4 in Spellcasting
 22938 | Lair:6   | Reached skill level 5 in Charms
 22952 | Lair:6   | Reached XP level 14. HP: 90/94 MP: 21/21
 23004 | Lair:6   | Noticed Josephine
 23109 | Lair:6   | Killed Josephine
 23262 | Lair:6   | Reached skill level 5 in Spellcasting
 24063 | Lair:7   | Noticed Amnesiac's ghost (journeyman DrTm)
 24508 | Lair:7   | Killed Amnesiac's ghost
 24723 | Lair:8   | Entered Level 8 of the Lair of Beasts
 24864 | Lair:8   | Found a staircase to the Slime Pits.
 24998 | Lair:8   | Noticed Canard's ghost (journeyman DgWn)
 25380 | Lair:8   | Reached skill level 6 in Spellcasting
 25474 | Lair:8   | Killed Canard's ghost
 25474 | Lair:8   | Reached skill level 5 in Evocations
 25894 | Lair:8   | Reached XP level 15. HP: 76/100 MP: 17/24
 26448 | Orc:1    | Entered Level 1 of the Orcish Mines
 26812 | Orc:2    | Entered Level 2 of the Orcish Mines
 26812 | Orc:2    | Noticed Sonja
 26822 | Orc:2    | Killed Sonja
 26842 | Orc:2    | Found Noubaeg's General Store.
 26898 | Orc:2    | Bought a potion of mutation for 32 gold pieces
 26898 | Orc:2    | Bought a +1 shield of protection for 214 gold pieces
 26919 | Orc:2    | Found a staircase to the Elven Halls.
 26995 | Orc:2    | Found Ohiufirph's Food Emporium.
 27052 | Orc:2    | Found Nuofupp's Weapon Shoppe.
 27180 | Orc:2    | Found Odaxtiph's Distillery.
 27191 | Orc:2    | Found Baowuch's General Store.
 27338 | Orc:2    | Bought a potion of heal wounds for 60 gold pieces
 27338 | Orc:2    | Bought a potion of curing for 36 gold pieces
 27338 | Orc:2    | Bought 2 potions of agility for 96 gold pieces
 27346 | Orc:2    | Noticed Rupert
 27361 | Orc:2    | Killed Rupert
 27383 | Orc:2    | Found Baymeoc's Antique Armour Emporium.
 27491 | Orc:2    | Reached skill level 1 in Air Magic
 27544 | Orc:2    | Reached skill level 10 in Dodging
 27556 | Orc:2    | Reached skill level 7 in Spellcasting
 27602 | Orc:2    | Reached skill level 15 in Shields
 27641 | Orc:2    | Reached skill level 1 in Translocations
 27663 | Orc:2    | Found Olues's Book Emporium.
 27663 | Orc:2    | Found Delil's Antique Weapon Shoppe.
 27663 | Orc:2    | Found a one-way gate leading to the halls of Pandemonium.
 27704 | Orc:2    | Bought a book of Frost for 455 gold pieces
 27708 | Orc:2    | Learned a level 3 spell: Ozocubu's Armour
 27713 | Orc:2    | Learned a level 4 spell: Summon Ice Beast
 28026 | D:6      | Bought a book of Enchantments for 500 gold pieces
 28026 | D:6      | Bought a book of Callings for 300 gold pieces
 28031 | D:6      | Learned a level 4 spell: Summon Lightning Spire
 28874 | D:13     | Found a gate to the Vaults.
 28965 | D:14     | Noticed Frances
 29002 | D:14     | Killed Frances
 29430 | D:14     | Found a burning altar of Makhleb.
 29514 | D:14     | Noticed Urug
 29530 | D:14     | Killed Urug
 29564 | D:14     | Reached XP level 16. HP: 106/106 MP: 22/27
 29670 | D:14     | Found an oddly glowing altar of Pakellas.
 29886 | D:15     | Entered Level 15 of the Dungeon
 29907 | D:15     | Learned a level 6 spell: Haste
 29917 | D:15     | Found a one-way gate to the infinite horrors of the Abyss.
 29963 | D:15     | Noticed Kirke
 29980 | D:15     | Killed Kirke
 30138 | D:15     | Gained mutation: You are clumsy. (Dex -2) [potion of mutation]
 30138 | D:15     | Gained mutation: You are weak. (Str -2) [potion of mutation]
 30229 | D:15     | Reached skill level 8 in Spellcasting
 30234 | D:15     | Found Xoirchyvi's Armour Boutique.
 30403 | D:15     | Found a staircase to the Depths.
 30466 | D:15     | Reached skill level 10 in Evocations
 30537 | D:15     | Reached skill level 5 in Air Magic
 31282 | Shoals:1 | Entered Level 1 of the Shoals
 31446 | Shoals:1 | Found an ancient bone altar of Kikubaaqudgha.
 31797 | Shoals:1 | Noticed Aizul
 31828 | Shoals:1 | Killed Aizul
 33036 | Shoals:3 | Reached skill level 9 in Spellcasting
 33116 | Shoals:3 | Noticed Ilsuiw
 33196 | Shoals:3 | Reached XP level 17. HP: 45/111 MP: 10/30
 33211 | Shoals:3 | Killed Ilsuiw
 33811 | Shoals:4 | Entered Level 4 of the Shoals
 33951 | Shoals:4 | Noticed a kraken
 33982 | Shoals:4 | Killed a kraken
 34009 | Shoals:4 | Got a barnacled rune of Zot
 34371 | Shoals:4 | Identified the Collected Works on Moulding (You found it on level 4 of the Shoals)
 34380 | Shoals:4 | Learned a level 6 spell: Deflect Missiles
 35003 | Shoals:4 | Found a deep blue altar of Sif Muna.
 35121 | Shoals:4 | Reached skill level 10 in Spellcasting
 35273 | Shoals:3 | Reached skill level 1 in Invocations
 35514 | Lair:7   | Learned a level 3 spell: Dazzling Spray
 35830 | Elf:1    | Entered Level 1 of the Elven Halls
 35935 | Elf:1    | Found a deep blue altar of Sif Muna.
 35963 | Elf:1    | Noticed a Hell Sentinel
 36055 | Elf:2    | Reached skill level 1 in Ice Magic
 36075 | Elf:2    | Reached skill level 1 in Hexes
 36100 | Elf:2    | Reached skill level 10 in Charms
 36340 | Elf:2    | Reached XP level 18. HP: 47/117 MP: 25/32
 36343 | Elf:2    | Noticed Roxanne
 36673 | Elf:2    | Found a runed gate.
 36673 | Elf:2    | Found a runed gate.
 36683 | Elf:2    | Found a runed gate.
 36724 | Elf:3    | Entered Level 3 of the Elven Halls
 36861 | Elf:1    | HP: 3/117 [deep elf mage/long sword (3)]
 36955 | Elf:1    | Reached skill level 5 in Invocations
 38423 | Elf:3    | Noticed Mara
 38435 | Elf:3    | Noticed M4edhros's illusion
 38493 | Elf:3    | Noticed Donald
 38505 | Elf:3    | Killed Donald
 38668 | Elf:3    | Noticed a deep elf blademaster
 38677 | Elf:3    | Noticed a Hell Sentinel
 38698 | Elf:3    | Killed a deep elf blademaster
 38706 | Elf:3    | Reached skill level 5 in Ice Magic
 38727 | Elf:3    | Reached skill level 11 in Spellcasting
 38855 | Elf:3    | Reached XP level 19. HP: 83/122 MP: 12/34
 38873 | Elf:3    | Reached skill level 10 in Air Magic
 38959 | Elf:3    | Learned a level 5 spell: Silence
 39633 | Elf:2    | Killed Roxanne
 40735 | Slime:1  | Entered Level 1 of the Pits of Slime
 40783 | Lair:8   | Reached skill level 10 in Invocations
 42363 | Orc:2    | Bought a potion of agility for 48 gold pieces
 42363 | Orc:2    | Bought a potion of might for 48 gold pieces
 42363 | Orc:2    | Bought a potion of berserk rage for 60 gold pieces
 42801 | Slime:6  | Entered Level 6 of the Pits of Slime
 42975 | Slime:6  | Noticed the Royal Jelly
 43198 | Slime:6  | Found a viscous altar of Jiyva.
 43203 | Slime:6  | Gained mutation: You tend to lose your temper in combat. [a shining eye]
 43206 | Slime:6  | Fell from the grace of Gozag
 43206 | Slime:6  | Became a worshipper of Jiyva Joqoku the Shapeless
 43812 | Lair:3   | Reached * piety under Jiyva
 43814 | Lair:3   | Reached ** piety under Jiyva
 44045 | D:6      | Bought a marble ring for 165 gold pieces
 45572 | Orc:1    | Found a radiant altar of Vehumet.
 45667 | D:3      | Reached *** piety under Jiyva
 46779 | D:4      | Gained mutation: You have acidic saliva. [Jiyva's grace]
 47403 | D:5      | Reached **** piety under Jiyva
 47792 | D:6      | Gained mutation: You are very weak. (Str -4) [Jiyva's grace]
 47805 | D:6      | Learned a level 2 spell: Ensorcelled Hibernation
 47951 | D:6      | Reached ***** piety under Jiyva
 47952 | D:6      | Lost mutation: You are clumsy. (Dex -2) [Jiyva's power]
 48814 | D:7      | Reached XP level 20. HP: 128/130 MP: 35/35
 49448 | D:8      | Gained mutation: Your flesh is heat resistant. [Jiyva's grace]
 49490 | D:8      | Lost mutation: You are very weak. (Str -4) [Jiyva's power]
 50132 | D:9      | Gained mutation: You passively map a small area around you. [Jiyva's grace]
 50951 | D:10     | Lost mutation: You are weak. (Str -2) [Jiyva's power]
 51095 | D:10     | Gained mutation: You are resistant to hostile enchantments. [Jiyva's grace]
 51788 | D:11     | Gained mutation: You possess an exceptional clarity of mind. [Jiyva's grace]
 51793 | D:11     | Lost mutation: You tend to lose your temper in combat. [Jiyva's power]
 52235 | D:12     | Gained mutation: Your body sometimes deteriorates upon taking damage. [Jiyva's grace]
 52800 | D:13     | Lost mutation: Your body sometimes deteriorates upon taking damage. [Jiyva's power]
 53596 | D:14     | Gained mutation: You are partially covered in yellow scales (AC +2). [Jiyva's grace]
 55161 | Orc:1    | Lost mutation: You possess an exceptional clarity of mind. [Jiyva's grace]
 55648 | Orc:2    | Lost mutation: Your flesh is heat resistant. [Jiyva's grace]
 55660 | Orc:2    | Gained mutation: You expend magic power (3 MP) to strengthen your wands. [Jiyva's grace]
 55660 | Orc:2    | Reached ****** piety under Jiyva
 55663 | Orc:2    | Lost mutation: You expend magic power (3 MP) to strengthen your wands. [Jiyva's power]
 55668 | Orc:2    | Gained mutation: You are partially covered in iridescent scales (AC +4). [Jiyva's grace]
 55675 | Orc:2    | Gained mutation: You evolve. [Jiyva's grace]
 55679 | Orc:2    | Gained mutation: You are partially covered in rugged brown scales (AC +1, +3% HP). [Jiyva's grace]
 55687 | Orc:2    | Gained mutation: Your spells are a little harder to cast, but a little more powerful. [Jiyva's grace]
 55716 | D:11     | Reached skill level 5 in Hexes
 55719 | D:11     | Lost mutation: You are partially covered in yellow scales (AC +2). [Jiyva's grace]
 56043 | Slime:6  | Lost mutation: You are resistant to hostile enchantments. [Jiyva's grace]
 56059 | Slime:6  | Identified the Handbook of Destructive Ice
 56090 | Slime:6  | Lost mutation: Your spells are a little harder to cast, but a little more powerful. [mutagenic glow]
 56121 | Slime:6  | Gained mutation: You are resistant to hostile enchantments. [Jiyva's grace]
 56136 | Slime:6  | Gained mutation: You are robust (+10% HP). [Jiyva's grace]
 56146 | Slime:6  | Gained mutation: You are covered in slimy tendrils that may disarm your opponents. [Jiyva's grace]
 56148 | Slime:6  | Got a slimy rune of Zot
 56159 | Slime:6  | Identified the Disquisition on Harmful Companions (You found it on level 6 of the Pits of Slime)
 56289 | Lair:8   | Lost mutation: You are covered in slimy tendrils that may disarm your opponents. [Jiyva's grace]
 56340 | Lair:8   | Gained mutation: You have an increased reservoir of magic (+10% MP). [evolution]
 57731 | Lair:5   | Lost mutation: You have acidic saliva. [Jiyva's grace]
 58748 | Lair:4   | Lost mutation: You are robust (+10% HP). [Jiyva's grace]
 61214 | Vaults:1 | Entered Level 1 of the Vaults
 61250 | Vaults:1 | Gained mutation: Your system is resistant to poisons. [Jiyva's grace]
 61254 | Vaults:1 | Identified the Tome of Assistive Darkness (You found it on level 1 of the Vaults)
 61291 | Vaults:1 | Gained mutation: Your flesh is cold resistant. [Jiyva's grace]
 61492 | Vaults:1 | Reached skill level 12 in Spellcasting
 61677 | Vaults:1 | Lost mutation: You have an increased reservoir of magic (+10% MP). [Jiyva's grace]
 61694 | Vaults:1 | Lost mutation: You are partially covered in iridescent scales (AC +4). [Jiyva's grace]
 61914 | Vaults:1 | Gained mutation: You are partially covered in slimy green scales (AC +2). [Jiyva's grace]
 61968 | Vaults:1 | Reached skill level 10 in Ice Magic
 62259 | Vaults:1 | Gained mutation: Your spells are a little harder to cast, but a little more powerful. [mutagenic meat]
 62260 | Vaults:1 | Gained mutation: Your spells are harder to cast, but more powerful. [mutagenic meat]
 62456 | Vaults:2 | Got a scorched wooden ring
 62460 | Vaults:2 | Identified the ring "Rianou" {rElec rC- MR++ Int-5 Stlth-} (You found it on level 2 of the Vaults)
 62515 | Vaults:2 | Gained mutation: You are partially covered in molten scales (AC +1). [Jiyva's grace]
 62637 | Vaults:2 | Gained mutation: Your skin blends seamlessly with your surroundings (Stealth). [Jiyva's grace]
 62692 | Vaults:2 | Lost mutation: You evolve. [Jiyva's grace]
 62692 | Vaults:2 | Gained mutation: You are somewhat resistant to further mutation. [Jiyva's grace]
 62738 | Vaults:2 | Found Neroushrauz's Jewellery Boutique.
 62746 | Vaults:2 | Bought a +4 ring of evasion for 504 gold pieces
 62822 | Vaults:2 | Gained mutation: Your spells are much harder to cast, but much more powerful. [Jiyva's grace]
 62828 | Vaults:2 | Reached skill level 10 in Fighting
 62856 | Vaults:2 | Found Seebbiz's Antique Armour Shoppe.
 63128 | Vaults:2 | Lost mutation: You are partially covered in rugged brown scales (AC +1, +3% HP). [Jiyva's grace]
 63265 | Vaults:2 | Reached skill level 1 in Necromancy
 63285 | Vaults:2 | Gained mutation: You are frail (-10% HP). [Jiyva's grace]
 63289 | Vaults:2 | Lost mutation: You are frail (-10% HP). [Jiyva's power]
 63454 | Vaults:2 | Found Minotzur's Magic Scroll Shoppe.
 63895 | Vaults:3 | Lost mutation: You are resistant to hostile enchantments. [Jiyva's grace]
 64174 | Vaults:3 | Reached skill level 13 in Spellcasting
 64329 | Vaults:3 | Reached XP level 21. HP: 76/137 MP: 38/38
 64443 | Vaults:3 | Found a staircase to the Crypt.
 64443 | Vaults:3 | Found an ancient bone altar of Kikubaaqudgha.
 64443 | Vaults:3 | Found a basalt altar of Yredelemnul.
 64807 | Vaults:3 | Gained mutation: You are robust (+10% HP). [Jiyva's grace]
 64819 | Vaults:3 | Gained mutation: You are very robust (+20% HP). [Jiyva's grace]
 65021 | Vaults:4 | Lost mutation: Your system is resistant to poisons. [Jiyva's grace]
 65045 | Vaults:4 | Lost mutation: You are partially covered in molten scales (AC +1). [Jiyva's grace]
 65053 | Vaults:4 | Gained mutation: One of your tentacles bears a spike. [Jiyva's grace]
 65192 | Vaults:4 | Gained mutation: You are agile. (Dex +2) [Jiyva's grace]
 65206 | Vaults:4 | Gained mutation: You are covered in slimy tendrils that may disarm your opponents. [Jiyva's grace]
 65563 | Vaults:4 | Lost mutation: You are agile. (Dex +2) [mutagenic meat]
 65567 | Vaults:4 | Gained mutation: You are somewhat resistant to both further mutation and mutation removal. [mutagenic meat]
 65573 | Vaults:4 | Gained mutation: You are surrounded by a mild repulsion field (EV +2). [mutagenic meat]
 65660 | Vaults:4 | Lost mutation: You are covered in slimy tendrils that may disarm your opponents. [Jiyva's grace]
 65728 | Vaults:4 | Lost mutation: One of your tentacles bears a spike. [Jiyva's grace]
 65735 | Vaults:4 | Gained mutation: You are resistant to hostile enchantments. [Jiyva's grace]
 65899 | Vaults:4 | Found a sparkling altar of Nemelex Xobeh.
 66074 | Vaults:4 | Lost mutation: You are resistant to hostile enchantments. [Jiyva's grace]
 66098 | Vaults:4 | Gained mutation: Your pliable body absorbs attacks (AC +1, EV +1). [Jiyva's grace]
 66211 | Vaults:4 | Was forgiven by Gozag
 66355 | Vaults:5 | Entered Level 5 of the Vaults
 66404 | Vaults:5 | Reached skill level 1 in Summonings
 66463 | Vaults:5 | Reached skill level 14 in Spellcasting
 66465 | Vaults:5 | Noticed a golden dragon
 66485 | Vaults:5 | Killed a golden dragon
 66522 | Vaults:5 | Reached XP level 22. HP: 102/171 MP: 24/40
 66562 | Vaults:5 | Gained mutation: You regenerate slowly when monsters are visible. [Jiyva's grace]
 66585 | Vaults:5 | Got a transparent turquoise ring
 66587 | Vaults:5 | Identified the ring "Ifuxysto" {rCorr rPois MR+} (You found it on level 5 of the Vaults)
 66599 | Vaults:5 | Got a transparent glass ring
 66604 | Vaults:5 | Got a silver rune of Zot
 66630 | Vaults:5 | Lost mutation: Your flesh is cold resistant. [Jiyva's grace]
 66633 | Vaults:5 | Lost mutation: Your spells are much harder to cast, but much more powerful. [Jiyva's grace]
 66634 | Vaults:5 | Lost mutation: You regenerate slowly when monsters are visible. [Jiyva's power]
 66634 | Vaults:5 | Lost mutation: You are somewhat resistant to both further mutation and mutation removal. [Jiyva's grace]
 66634 | Vaults:5 | Lost mutation: You are somewhat resistant to further mutation. [Jiyva's grace]
 66634 | Vaults:5 | Gained mutation: You evolve. [Jiyva's grace]
 66639 | Vaults:5 | Gained mutation: Armour fits poorly on your pseudopods. [Jiyva's grace]
 66648 | Vaults:5 | Noticed Margery
 66656 | Vaults:5 | Killed Margery
 66666 | Vaults:5 | Reached skill level 15 in Ice Magic
 66669 | Vaults:5 | Noticed a golden dragon
 66674 | Vaults:5 | Killed a golden dragon
 66678 | Vaults:5 | Lost mutation: You evolve. [Jiyva's grace]
 66695 | Vaults:5 | Gained mutation: You have a small jelly attached to you that may absorb incoming projectiles. [Jiyva's grace]
 66751 | Vaults:5 | Gained mutation: Your body is partially covered in golden eyeballs (Acc +3). [Jiyva's grace]
 66802 | Vaults:5 | Identified the ring of Qikerch {Str+3 Dex+4 Stlth-} (You found it on level 5 of the Vaults)
 66803 | Vaults:5 | Noticed an ancient lich
 66827 | Vaults:5 | Killed an ancient lich
 67083 | Vaults:5 | Gained mutation: Your gelatinous body deflects attacks (AC +2, EV +2). [Jiyva's grace]
 67207 | Vaults:5 | Lost mutation: Armour fits poorly on your pseudopods. [Jiyva's grace]
 67212 | Vaults:5 | Reached skill level 15 in Spellcasting
 67232 | Vaults:5 | Lost mutation: You are surrounded by a mild repulsion field (EV +2). [Jiyva's grace]
 67250 | Vaults:5 | Gained mutation: Your natural rate of healing is unusually fast. [Jiyva's grace]
 67269 | Vaults:5 | Lost mutation: Your gelatinous body deflects attacks (AC +2, EV +2). [mutagenic meat]
 67309 | Vaults:5 | Gained mutation: You are resistant to hostile enchantments. [Jiyva's grace]
 67330 | Vaults:5 | Reached skill level 5 in Summonings
 67347 | Vaults:5 | Gained mutation: You have an increased reservoir of magic (+10% MP). [Jiyva's grace]
 67373 | Vaults:5 | Lost mutation: You have a small jelly attached to you that may absorb incoming projectiles. [Jiyva's grace]
 67396 | Vaults:5 | Identified a scroll of acquirement
 67406 | Vaults:5 | Lost mutation: Your natural rate of healing is unusually fast. [Jiyva's grace]
 67470 | Vaults:5 | Reached XP level 23. HP: 156/177 MP: 46/46
 67547 | Vaults:5 | Lost mutation: You are resistant to hostile enchantments. [Jiyva's grace]
 67589 | Vaults:5 | Lost mutation: You are very robust (+20% HP). [Jiyva's grace]
 67598 | Vaults:5 | Gained mutation: Your gelatinous body deflects attacks (AC +2, EV +2). [Jiyva's grace]
 67602 | Vaults:5 | Lost mutation: Your gelatinous body deflects attacks (AC +2, EV +2). [Jiyva's grace]
 68029 | Vaults:5 | Lost mutation: You are robust (+10% HP). [potion of mutation]
 68029 | Vaults:5 | Lost mutation: Your body is partially covered in golden eyeballs (Acc +3). [potion of mutation]
 68030 | Vaults:5 | Lost mutation: You passively map a small area around you. [potion of mutation]
 68030 | Vaults:5 | Lost mutation: Your skin blends seamlessly with your surroundings (Stealth). [potion of mutation]
 68279 | Vaults:5 | Learned a level 6 spell: Ozocubu's Refrigeration
 68282 | Vaults:5 | Learned a level 2 spell: Blink
 68521 | Vaults:2 | Bought the ring of Conformity {Ice rElec Dex+4} for 663 gold pieces
 68740 | Vaults:5 | Lost mutation: Your pliable body absorbs attacks (AC +1, EV +1). [Jiyva's grace]
 68797 | Vaults:5 | Lost mutation: You are partially covered in slimy green scales (AC +2). [Jiyva's grace]
 68903 | Vaults:5 | Gained mutation: Your muscles are strong. (Str +2) [Jiyva's grace]
 69427 | Vaults:5 | Upgraded the game from 0.18-a0-1390-gc02854d to 0.18-a0-1405-g73f4075
 69532 | Vaults:5 | Gained mutation: You have a small jelly attached to you that may absorb incoming projectiles. [Jiyva's grace]
 70437 | Spider:1 | Entered Level 1 of the Spider Nest
 70918 | Spider:1 | Gained mutation: Your muscles are very strong. (Str +4) [Jiyva's grace]
 71685 | Spider:2 | Gained mutation: You are partially covered in yellow scales (AC +2). [Jiyva's grace]
 72180 | Spider:3 | Noticed Azrael
 72180 | Spider:3 | Noticed Jorgrun
 72182 | Spider:3 | Killed Azrael
 72183 | Spider:3 | Killed Jorgrun
 72248 | Elf:3    | Gained mutation: You have a considerably increased reservoir of magic (+20% MP). [Jiyva's grace]
 72265 | Spider:3 | Gained mutation: One of your tentacles bears a spike. [potion of beneficial mutation]
 72349 | Spider:3 | Gained mutation: You passively map a small area around you. [Jiyva's grace]
 72392 | Spider:3 | Noticed Arachne
 72414 | Spider:3 | Killed Arachne
 72454 | Spider:3 | Gained mutation: You have acidic saliva. [Jiyva's grace]
 72541 | Spider:3 | Gained mutation: Your skin blends seamlessly with your surroundings (Stealth). [Jiyva's grace]
 72624 | Spider:3 | Found a roughly hewn altar of Beogh.
 72813 | Spider:4 | Entered Level 4 of the Spider Nest
 72813 | Spider:4 | Noticed Wiglaf
 72820 | Spider:4 | Killed Wiglaf
 73410 | Spider:4 | Gained mutation: You are robust (+10% HP). [Jiyva's grace]
 73714 | Spider:4 | Got a gossamer rune of Zot
 74283 | Vaults:3 | Lost mutation: You are robust (+10% HP). [Jiyva's grace]
 74301 | Crypt:1  | Entered Level 1 of the Crypt
 74419 | Crypt:1  | Reached XP level 24. HP: 99/154 MP: 47/50
 74575 | Crypt:1  | Lost mutation: You passively map a small area around you. [Jiyva's grace]
 74611 | Crypt:1  | Found an ancient bone altar of Kikubaaqudgha.
 75090 | Crypt:2  | Gained mutation: You can translocate small distances at will. [potion of beneficial mutation]
 75311 | Crypt:2  | Reached skill level 15 in Dodging
 75514 | Crypt:2  | Lost mutation: Your spells are harder to cast, but more powerful. [Jiyva's grace]
 75638 | Crypt:2  | Lost mutation: Your muscles are very strong. (Str +4) [Jiyva's grace]
 75869 | Crypt:3  | Entered Level 3 of the Crypt
 76070 | Crypt:3  | Found a basalt altar of Yredelemnul.
 76200 | Crypt:3  | Learned a level 4 spell: Fulminant Prism
 76304 | Crypt:3  | Lost mutation: You can translocate small distances at will. [Jiyva's grace]
 76338 | Crypt:3  | Found a staircase to the Tomb.
 76364 | Crypt:3  | Identified Yfeptil's Tome of Bewitching Arcane Weapons (You found it on level 3 of the Crypt)
 76542 | Crypt:3  | Identified the Grimoire of Black Magic (You found it on level 3 of the Crypt)
 76546 | Crypt:3  | Identified a cursed +9 rod of inaccuracy (10/10) (You found it on level 3 of the Crypt)
 76656 | Crypt:3  | Gained mutation: You have very sharp teeth. [Jiyva's grace]
 76813 | Crypt:3  | Noticed an ancient lich
 76834 | Crypt:3  | Killed an ancient lich
 76834 | Crypt:3  | Reached skill level 16 in Spellcasting
 77086 | Crypt:2  | Lost mutation: You have a small jelly attached to you that may absorb incoming projectiles. [Jiyva's grace]
 77205 | Vaults:2 | Bought a scroll of teleportation for 54 gold pieces
 77205 | Vaults:2 | Bought a scroll of remove curse for 54 gold pieces
 77331 | D:14     | Noticed Agnes
 77340 | D:14     | Killed Agnes
 77392 | Depths:1 | Entered Level 1 of the Depths
 77401 | Depths:1 | Reached XP level 25. HP: 160/160 MP: 35/51
 77457 | D:15     | Gained mutation: You have a greatly increased reservoir of magic (+30% MP). [Jiyva's grace]
 77816 | Depths:1 | Gained mutation: One of your tentacles bears a nasty spike. [mutagenic meat]
 77817 | Depths:1 | Lost mutation: One of your tentacles bears a nasty spike. [mutagenic meat]
 77843 | Depths:1 | Was placed under penance by Jiyva
 77974 | Depths:1 | Was forgiven by Jiyva
 78166 | Depths:1 | Lost mutation: You have a greatly increased reservoir of magic (+30% MP). [Jiyva's grace]
 78198 | Depths:1 | Lost mutation: Your muscles are strong. (Str +2) [Jiyva's grace]
 78228 | Depths:1 | Found a gateway to Hell.
 78368 | Depths:1 | Found a runed door.
 78410 | Depths:1 | Learned a level 4 spell: Passage of Golubria
 78500 | Depths:1 | Lost mutation: One of your tentacles bears a spike. [Jiyva's grace]
 78699 | Depths:1 | Gained mutation: You are robust (+10% HP). [mutagenic meat]
 78700 | Depths:1 | Lost mutation: You have acidic saliva. [mutagenic meat]
 78701 | Depths:1 | Gained mutation: You are somewhat resistant to further mutation. [mutagenic meat]
 78702 | Depths:1 | Lost mutation: Your spells are a little harder to cast, but a little more powerful. [mutagenic meat]
 78880 | Depths:1 | Gained mutation: Scrolls take you a little longer to read. [mutagenic meat]
 78882 | Depths:1 | Lost mutation: Scrolls take you a little longer to read. [Jiyva's power]
 78894 | Depths:1 | Got a jewelled hat
 78905 | Depths:1 | Identified the +2 hat "Loadipar" {*Corrode +Inv rPois Str-3} (You found it on level 1 of the Depths)
 79217 | Depths:1 | Lost mutation: You are robust (+10% HP). [Jiyva's grace]
 79475 | Depths:2 | Reached skill level 10 in Hexes
 79482 | Depths:2 | Lost mutation: You are partially covered in yellow scales (AC +2). [Jiyva's grace]
 79493 | Depths:2 | Lost mutation: You have a considerably increased reservoir of magic (+20% MP). [Jiyva's grace]
 79672 | Depths:2 | Noticed a juggernaut
 79672 | Depths:2 | Lost mutation: You have very sharp teeth. [Jiyva's grace]
 79686 | Depths:2 | Killed a juggernaut
 79686 | Depths:2 | Reached skill level 17 in Spellcasting
 79920 | Depths:2 | Gained mutation: You have a pair of small antennae on your head. [Jiyva's grace]
 80094 | Depths:2 | Noticed Louise
 80125 | Depths:2 | Gained mutation: Your pliable body absorbs attacks (AC +1, EV +1). [Jiyva's grace]
 80139 | Depths:2 | Gained mutation: You are covered in slimy tendrils that may disarm your opponents. [Jiyva's grace]
 80149 | Depths:2 | Lost mutation: You have an increased reservoir of magic (+10% MP). [Jiyva's grace]
 80154 | Depths:2 | Killed Louise
 80235 | Depths:2 | Gained mutation: Your spells are a little harder to cast, but a little more powerful. [Jiyva's grace]
 80277 | Depths:2 | Lost mutation: You have a pair of small antennae on your head. [Jiyva's grace]
 80289 | Depths:2 | Got a fine shield
 80300 | Depths:2 | Identified the +0 shield "Vopn" {*Confuse Str+2 Stlth+} (You acquired it on level 2 of the Depths)
 80451 | Depths:2 | HP: 7/160 [vampire knight/vampiric draining (21)]
 80757 | Depths:2 | Gained mutation: You are agile. (Dex +2) [Jiyva's grace]
 80789 | Depths:2 | Reached XP level 26. HP: 159/165 MP: 26/44
 80871 | Depths:2 | Lost mutation: You are covered in slimy tendrils that may disarm your opponents. [mutagenic meat]
 80874 | Depths:2 | Gained mutation: You are partially covered in thin metallic scales (AC +2). [mutagenic meat]
 80879 | Depths:2 | Gained mutation: Scrolls take you a little longer to read. [mutagenic meat]
 80883 | Depths:2 | Lost mutation: Scrolls take you a little longer to read. [Jiyva's power]
 80884 | Depths:2 | Gained mutation: You are very agile. (Dex +4) [mutagenic meat]
 80890 | Depths:2 | Found a gateway to a ziggurat.
 81017 | Depths:2 | Reached skill level 1 in Conjurations
 81261 | Depths:3 | Gained mutation: You are partially covered in rough black scales (AC +4, Dex -1). [Jiyva's grace]
 81394 | Depths:3 | Gained mutation: Your mind is acute. (Int +2) [mutagenic meat]
 81431 | Depths:3 | Lost mutation: Your mind is acute. (Int +2) [Jiyva's grace]
 81467 | Depths:3 | Reached skill level 18 in Spellcasting
 81478 | Depths:3 | Reached skill level 5 in Conjurations
 81487 | Depths:3 | Lost mutation: You are somewhat resistant to further mutation. [mutagenic meat]
 81488 | Depths:3 | Gained mutation: Potions and wands are less effective at restoring your health. [mutagenic meat]
 81552 | Depths:3 | Gained mutation: Your magical capacity is low (-10% MP). [mutagenic meat]
 81555 | Depths:3 | Lost mutation: Potions and wands are less effective at restoring your health. [Jiyva's power]
 81557 | Depths:3 | Lost mutation: Your pliable body absorbs attacks (AC +1, EV +1). [mutagenic meat]
 81558 | Depths:3 | Lost mutation: Your magical capacity is low (-10% MP). [mutagenic meat]
 81580 | Depths:3 | Lost mutation: Your spells are a little harder to cast, but a little more powerful. [Jiyva's grace]
 81759 | Depths:3 | Gained mutation: Your mind is acute. (Int +2) [Jiyva's grace]
 81831 | Depths:3 | Was placed under penance by Jiyva
 81856 | Depths:3 | Was forgiven by Jiyva
 81856 | Depths:3 | Gained mutation: One of your tentacles bears a spike. [Jiyva's grace]
 81911 | Depths:3 | Gained mutation: Your spells are a little harder to cast, but a little more powerful. [Jiyva's grace]
 81971 | Depths:3 | Gained mutation: You have very sharp teeth. [mutagenic meat]
 81972 | Depths:3 | Gained mutation: You tend to lose your temper in combat. [mutagenic meat]
 81973 | Depths:3 | Lost mutation: You tend to lose your temper in combat. [Jiyva's power]
 81974 | Depths:3 | Gained mutation: You possess an exceptional clarity of mind. [mutagenic meat]
 82015 | Depths:3 | Found Apufecza's Distillery.
 82021 | Depths:3 | Bought 2 potions of heal wounds for 150 gold pieces
 82021 | Depths:3 | Bought 3 potions of curing for 135 gold pieces
 82021 | Depths:3 | Bought a potion of might for 60 gold pieces
 82021 | Depths:3 | Bought a potion of heal wounds for 75 gold pieces
 82021 | Depths:3 | Bought a potion of agility for 60 gold pieces
 82216 | Depths:3 | Lost mutation: You are very agile. (Dex +4) [Jiyva's grace]
 82471 | Depths:4 | Noticed the Enchantress
 82489 | Depths:4 | Killed the Enchantress
 82498 | Depths:4 | Noticed Jory
 82544 | Depths:4 | Killed Jory
 82682 | Depths:4 | Gained mutation: Armour fits poorly on your pseudopods. [Jiyva's grace]
 82778 | Depths:4 | Gained mutation: Your magical capacity is low (-10% MP). [mutagenic meat]
 82779 | Depths:4 | Lost mutation: Your magical capacity is low (-10% MP). [Jiyva's power]
 82993 | Depths:4 | Gained mutation: You are covered in fur (AC +1). [Jiyva's grace]
 83146 | Depths:4 | Found Cuowubih's Gadget Emporium.
 83152 | Depths:4 | Bought an ornate deck of changes for 440 gold pieces
 83152 | Depths:4 | Lost mutation: You are agile. (Dex +2) [helix card]
 83153 | Depths:4 | Drew Focus: Dex increased to 23, Str decreased to 8
 83319 | Depths:4 | Reached XP level 27. HP: 162/172 MP: 39/45
 83370 | Depths:4 | Lost mutation: Your spells are a little harder to cast, but a little more powerful. [Jiyva's grace]
 83640 | Depths:4 | Lost mutation: You are partially covered in rough black scales (AC +4, Dex -1). [Jiyva's grace]
 84015 | Depths:5 | Entered Level 5 of the Depths
 84158 | Depths:5 | Reached skill level 19 in Spellcasting
 84205 | Depths:5 | Found a gate to the Realm of Zot.
 84394 | Depths:5 | Gained mutation: You are robust (+10% HP). [Jiyva's grace]
 84503 | Depths:5 | Lost mutation: One of your tentacles bears a spike. [Jiyva's grace]
 84515 | Depths:5 | Gained mutation: One of your tentacles bears a spike. [Jiyva's grace]
 84619 | Depths:5 | Found a sparkling altar of Nemelex Xobeh.
 84965 | Depths:5 | Lost mutation: Your skin blends seamlessly with your surroundings (Stealth). [Jiyva's grace]
 84965 | Depths:5 | Gained mutation: Your skin is partially translucent (Stealth, -foe acc). [Jiyva's grace]
 85213 | D:14     | Lost mutation: Your skin is partially translucent (Stealth, -foe acc). [Jiyva's grace]
 85290 | Zot:1    | Entered Level 1 of the Realm of Zot
 85736 | Zot:1    | Lost mutation: You are partially covered in thin metallic scales (AC +2). [Jiyva's grace]
 86548 | Zot:2    | Lost mutation: You possess an exceptional clarity of mind. [Jiyva's grace]
 86585 | Zot:2    | Gained mutation: You expend magic power (3 MP) to strengthen your wands. [Jiyva's grace]
 86611 | Zot:2    | Reached skill level 15 in Evocations
 86621 | Zot:2    | Lost mutation: You expend magic power (3 MP) to strengthen your wands. [Jiyva's power]
 86857 | Zot:2    | Gained mutation: Your body sometimes deteriorates upon taking damage. [Jiyva's grace]
 86860 | Zot:2    | Lost mutation: Your body sometimes deteriorates upon taking damage. [Jiyva's power]
 87036 | Zot:3    | Noticed an orb of fire
 87075 | Zot:3    | Gained mutation: You are clumsy. (Dex -2) [an orb of fire]
 87077 | Zot:3    | Lost mutation: You are clumsy. (Dex -2) [Jiyva's power]
 87269 | Zot:3    | Lost mutation: You are robust (+10% HP). [an orb of fire]
 87272 | Zot:3    | HP: 5/178 [orb of fire/fireball (106)]
 87277 | Zot:3    | Killed from afar by a yellow draconian scorcher

Vault maps used:
D:1:      onia_arrival_larder
D:2:      first_bread, cheibrodos_gnoll_hut
D:3:      okawaru_ov_weapons_minmay, nicolae_gozag_seed_capital
D:4:      elyvilon_altar_3, saegor_snake_ambush
D:5:      lemuel_coloured_pillars_altar
D:6:      lightli_temple_of_fire, serial_shops, shop, kennysheep_mini_moat,
          nicolae_shop_trees, shop, nicolae_shop_statue_plus, uniq_blork_the_orc
D:7:      gammafunk_temple_overflow_statue, minmay_temple_entry_mist,
          basic_altar
D:8:      lemuel_round_altar, david_lair_generic, serial_shops, kennysheep_mini,
          shop, shop, shop, kennysheep_little_box
D:9:      overflow_temple_1_default, special_room, hangedman_pestilent_swarm
D:10:     minmay_misc_feat_cross
D:11:     david_orc_2, portal_ice_cave_entry_ice_statue_01,
          hangedman_abyss_or_decor_clamps, fedhas_altar_3
D:12:     serial_shops, nicolae_shop_overgrown_old_shop
D:13:     david_vaults_4
D:14:     lemuel_doored_altar, grunt_pakellas_basics, uniq_agnes, uniq_frances,
          uniq_urug
D:15:     grunt_enter_depths_snipers, serial_shops, shop,
          minmay_misc_feat_tower, lemuel_hellish_altar, uniq_kirke
Lair:1:   st_stairs_9, serial_bayou_shore_b
Lair:2:   wad_woods_structure_01, dpeg_stationary_puzzle
Lair:3:   serial_bayou_shore_a
Lair:4:   spider_nest_entry_a, lab_entry_generic, serial_bayou_shore_b,
          uniq_maud
Lair:5:   gammafunk_lair_bear_cave, minmay_shoals_entry_centaurs,
          enter_volcano_4, grunt_forest_stairs_basic, beast_lair_carwin_1
Lair:6:   dragon1_lemuel, st_stairs_9, beast_lair_carwin_3, uniq_josephine
Lair:8:   hangedman_lair_in_review, slime_dummy, minmay_stone_trees_medium
Shoals:1: nicolae_shoals_seven_spires, lemuel_oklob_altar, uniq_aizul
Shoals:3: st_cyclops, uniq_ilsuiw
Shoals:4: shoals_end_hangedman, shoals_ilsuiw_alternative, lemuel_centaur_altar
Spider:1: hangedman_spider_mandibles
Spider:3: nicolae_spider_mines_2, uniq_azrael, uniq_jorgrun, uniq_arachne
Spider:4: spider_rune_water, uniq_wiglaf
Slime:2:  nicolae_slime_round_cave
Slime:5:  uniq_dissolution
Orc:1:    basic_altar
Orc:2:    pf_orc_diabolical, serial_shops, shop, shop_statue, shop,
          nicolae_shop_overgrown_old_shop, uniq_rupert, uniq_sonja
Elf:1:    eino_elf_arrival_sip, basic_altar, orc_legates, grunt_megastairs_2
Elf:2:    uniq_roxanne
Elf:3:    minmay_elf_hall_spiked, serial_sigils_hangedman_snap, uniq_mara,
          uniq_donald
Vaults:1: vaults_room_semicircle, vaults_room_large_hall, ontoclasm_vaults_eye,
          nicolae_vaults_rhombus_7, grunt_vaults_bifocal,
          vaults_room_fancy_cross, ontoclasm_vaults_shuriken,
          nicolae_vaults_triangles, nicolae_vaults_little_squares_4, v_misc_31,
          v_pattern_2, vaults_room_pools
Vaults:2: grunt_vaults_focal, grunt_vaults_swirl, vaults_dpeg_cross, v_rooms_6,
          nicolae_vaults_murderbox, hangedman_vaults_variations, v_pattern_5,
          vaults_room_hallway, nicolae_vaults_mini_display_case,
          hangedman_vaults_stagger, nicolae_vaults_rhombus_5, vaults_dpeg_ring,
          serial_shops, shop_statue, shop, shop
Vaults:3: vaults_room_corners, hangedman_vaults_impose, ontoclasm_vaults_fault,
          minmay_crypt_entry_necro_gods, v_misc_14, vaults_standard_mumra_lines,
          v_misc_28, v_pattern_1, st_check, vaults_room_semicircle
Vaults:4: v_alt_pattern_1, nicolae_vaults_big_angled_halls,
          nicolae_vaults_little_squares_1, ontoclasm_vaults_gateway,
          hangedman_vaults_restitches, vaults_room_fancy_cross, v_misc_24,
          vaults_dpeg_encased_lava, basic_altar
Vaults:5: uniq_margery
Crypt:1:  basic_altar, nicolae_crypt_ancient_font, wad_floor_pattern_2
Crypt:3:  grunt_crypt_end_deaths_head
Depths:1: hell_entry, lightli_gold_pyramid
Depths:2: kennysheep_large_vault, enter_ziggurat_e, hell_entry, pan_entry,
          nicolae_abyss_entry_one_way_or_another, infiniplex_staircase_zigzag_3
Depths:3: evilmike_diamond_1, hell_entry, minmay_misc_feat_enclosed,
          abyss_entry, grunt_pan_entry_spiral, serial_shops,
          nicolae_shop_behind_doors, infiniplex_staircase_star
Depths:4: hangedman_stitches_corridor, grunt_decor_arrowhead, hell_entry,
          abyss_entry, st_stairs_3, grunt_decor_fettered,
          kennysheep_windowed_goal, uniq_enchantress, uniq_jory
Depths:5: evilmike_zot_entry_round, hangedman_tar_grid_catacomb,
          hangedman_decor_lopped, serial_bayou_ford_a,
          nemelex_xobeh_ov_fountains_minmay, serial_bayou_shore_b
Zot:1:    lemuel_baited_zot_trap, zot_minivault_5
Lab:      labyrinth_watery, nicolae_lab_very_dead_end, lab_statue,
          labyrinth_skeletal_remains, nicolae_lab_garden, nicolae_lab_hexagon,
          nicolae_lab_t_cross, lab_block
IceCv:    ice_cave_small_necro
Volcano:  volcano_village

Skill      XL: |  1  2  3  4  5  6  7  8  9 10 11 12 13 14 15 16 17 18 19 20 21 22 23 24 25 26 27 |
---------------+----------------------------------------------------------------------------------+-----
Unarmed Combat | 1 2 3 4 5 6 |  6.1
Polearms       | 3 5 9 10 12 14 | 14.6
Shields        | 5 8 10 11 13 14 15 16 17 | 17.1
Fighting       | 4 6 8 9 10 12 | 12.3
Dodging        | 5 6 8 9 10 11 14 16 17 | 17.5
Spellcasting   | 2 4 6 7 9 10 11 13 14 15 16 17 18 19 | 19.0
Charms         | 2 5 6 7 8 10 11 12 13 | 13.4
Evocations     | 5 9 11 13 15 | 15.0
Air Magic      | 3 6 8 9 11 12 13 | 13.2
Translocations | 1 |  1.3
Invocations    | 3 8 10 14 | 14.5
Ice Magic      | 2 5 8 11 14 16 17 | 17.1
Hexes          | 1 3 4 5 8 11 | 11.5
Necromancy     | 2 4 |  4.4
Summonings     | 2 5 |  5.6
Conjurations   | 8 9 |  9.2
Short Blades   | |  1.0
Stealth        | |  1.3

Action                   |  1- 3 |  4- 6 |  7- 9 | 10-12 | 13-15 | 16-18 | 19-21 | 22-24 | 25-27 || total
-------------------------+-------+-------+-------+-------+-------+-------+-------+-------+-------++-------
Melee: Unarmed           |    96 |   120 |       |       |       |     1 |       |       |       ||   217
       Spear             |       |    10 |   219 |  1046 |  1641 |  1636 |  2091 |  2350 |       ||  8993
       Demon trident     |       |       |       |       |       |    12 |       |     4 |  1869 ||  1885
       Rod               |       |       |       |       |       |       |       |    62 |       ||    62
       Katana            |       |       |       |       |       |       |       |       |     3 ||     3
 Cast: Spectral Weapon   |       |       |       |       |    57 |    86 |    48 |    40 |    61 ||   292
       Shroud of Golubri |       |       |       |       |     9 |    44 |     2 |       |       ||    55
       Song of Slaying   |       |       |       |       |     3 |       |       |       |       ||     3
       Regeneration      |       |       |       |       |    46 |    94 |    64 |    33 |    46 ||   283
       Ozocubu's Armour  |       |       |       |       |     4 |    65 |    42 |    17 |    24 ||   152
       Summon Lightning  |       |       |       |       |       |    15 |     3 |    15 |    26 ||    59
       Dazzling Spray    |       |       |       |       |       |    10 |       |       |       ||    10
       Haste             |       |       |       |       |       |     3 |     9 |    14 |    16 ||    42
       Deflect Missiles  |       |       |       |       |       |     1 |     3 |       |     2 ||     6
       Swiftness         |       |       |       |       |       |       |     2 |       |     1 ||     3
       Ozocubu's Refrige |       |       |       |       |       |       |       |    32 |    35 ||    67
       Ensorcelled Hiber |       |       |       |       |       |       |       |     5 |       ||     5
       Fulminant Prism   |       |       |       |       |       |       |       |    16 |    24 ||    40
       Blink             |       |       |       |       |       |       |       |       |     1 ||     1
Invok: Call Merchant     |       |       |     1 |     2 |     3 |     2 |     1 |       |       ||     9
       Potion Petition   |       |       |       |       |     1 |       |       |       |       ||     1
       Request Jelly     |       |       |       |       |       |       |     2 |       |    17 ||    19
       Cure Bad Mutation |       |       |       |       |       |       |     8 |     1 |    12 ||    21
       Jelly Paralyse    |       |       |       |       |       |       |     6 |       |     2 ||     8
       Slimify           |       |       |       |       |       |       |       |     1 |       ||     1
Evoke: Wand              |       |     3 |    19 |    13 |     9 |    13 |     3 |       |       ||    60
       Rod               |       |       |       |       |     4 |    12 |    11 |    19 |    51 ||    97
       Sack of spiders   |       |       |       |       |     2 |       |       |       |       ||     2
       Deck              |       |       |       |       |       |       |     1 |    11 |    11 ||    23
  Use: Potion            |       |     6 |     1 |     7 |    12 |    12 |     9 |     5 |     5 ||    57
       Scroll            |       |     3 |     8 |    22 |    11 |    22 |    12 |    17 |     8 ||   103
 Stab: Sleeping          |     9 |    13 |    21 |    21 |    33 |    21 |    16 |    21 |    14 ||   169
       Distracted        |       |     1 |       |     8 |    25 |    31 |    32 |    49 |    38 ||   184
       Paralysed         |       |       |       |     8 |     2 |       |       |       |       ||    10
       Invisible         |       |       |       |       |     4 |     1 |     4 |       |       ||     9
       Confused          |       |       |       |       |       |       |       |     6 |       ||     6
  Eat: Chunk             |       |     2 |       |       |       |       |    20 |     4 |    55 ||    81
       Meat ration       |       |     1 |     2 |     3 |     4 |     5 |     1 |       |       ||    16
       Beef jerky        |       |     1 |       |     3 |     5 |     1 |       |       |       ||    10
       Royal jelly       |       |       |     1 |     3 |     7 |       |       |       |       ||    11
       Bread ration      |       |       |     1 |     1 |       |     2 |     7 |       |       ||    11
       Pizza             |       |       |     1 |     1 |     1 |     1 |       |     1 |       ||     5
